 Dungeon Crawl Stone Soup version 0.24-a0-464-g6b2be6b8c7 (webtiles) character file.

Game seed: 14699453366176505637

27970 Gargoyl the Schismatic (level 13, 0/106 (107) HPs)
             Began as a Centaur Abyssal Knight on July 4, 2019.
             Was an Elder of Lugonu.
             Slain by a yak (9 damage)
             ... on level 4 of the Lair of Beasts.
             The game lasted 00:25:04 (19756 turns).

Gargoyl the Schismatic (Centaur Abyssal Knight)    Turns: 19756, Time: 00:25:05

HP:   0/106 (107)   AC: 22    Str: 22    XL:     13   Next: 7%
MP:   30/30         EV: 10    Int: 17    God:    Lugonu [****..]
Gold: 1244          SH: 11    Dex: 20    Spells: 12/12 levels left

rFire    + . .     SeeInvis +   a - +6 hand axe
rCold    + + .     Gourm    .   k - +0 shield
rNeg     . . .     Faith    .   r - +1 ring mail of Vexation {*Drain Int+6 Dex+4}
rPois    .         Spirit   .   i - +2 helmet
rElec    .         Reflect  .   t - +1 cloak
rCorr    .         Harm     .   e - +0 pair of gloves
MR       .....                  m - +2 centaur barding {Fly}
Stlth    +.........             x - amulet of rage
HPRegen  0.27/turn              p - ring of Soeth {rF+ rC++ MP+9 Str+5 SInv}
MPRegen  0.22/turn              l - ring "Uppag" {Wiz Dex+4 SInv}

@: lethally poisoned (0 -> -2), berserk cooldown, flying, slowed
A: large, hooves 3, deformed body, speed 2, tough skin 3
a: Depart the Abyss, Bend Space, Banish, Corrupt, Renounce Religion, Evoke
Berserk Rage, Stop Flying


You were on level 4 of the Lair of Beasts.
You worshipped Lugonu.
Lugonu was greatly pleased with you.
You were near starving.

You visited 2 branches of the dungeon, and saw 14 of its levels.
You visited the Abyss 1 time.

You collected 1244 gold pieces.

Inventory:

Hand Weapons
 a - a +6 hand axe (weapon)
Missiles
 n - 19 boomerangs (quivered)
Armour
 d - a +2 ring mail of fire resistance
 e - a +0 pair of gloves (worn)
 i - a +2 helmet (worn)
 k - a +0 shield (worn)
 m - a +2 centaur barding of flying (worn)
 r - the +1 ring mail of Vexation (worn) {*Drain Int+6 Dex+4}
   (You found it on level 4 of the Dungeon)

   It affects your intelligence (+6).
   It affects your dexterity (+4).
   It causes draining when unequipped.
 t - a +1 cloak (worn)
Jewellery
 l - the ring "Uppag" (right hand) {Wiz Dex+4 SInv}
   (You found it on level 1 of the Lair of Beasts)

   [ring of wizardry]

   It improves your spell success rate.
   It affects your dexterity (+4).
   It lets you see invisible.
 p - the ring of Soeth (left hand) {rF+ rC++ MP+9 Str+5 SInv}
   (You found it on level 2 of the Lair of Beasts)

   [ring of strength]

   It affects your strength (+5).
   It protects you from fire.
   It greatly protects you from cold.
   It affects your magic capacity (+9).
   It lets you see invisible.
 w - an uncursed ring of protection from cold
 x - an amulet of rage (around neck)
Wands
 s - a wand of enslavement (10)
 C - a wand of iceblast (11)
 D - a wand of disintegration (23)
Scrolls
 f - a scroll of identify
 g - a scroll of blinking
 h - 5 scrolls of magic mapping
 j - a scroll of amnesia
 o - 11 scrolls of teleportation
 v - 11 scrolls of remove curse
 y - 2 scrolls of fear
Potions
 b - a potion of brilliance
 q - a potion of haste
 u - 3 potions of resistance
 z - 3 potions of heal wounds
 A - a potion of curing
 B - a potion of flight
Comestibles
 c - 33 rations


   Skills:
 + Level 7.8 Fighting
 + Level 10.3 Axes
 * Level 7.6 Armour
 * Level 7.0 Dodging
 + Level 4.7 Shields
 * Level 11.2 Invocations
 + Level 2.9 Evocations


You had 12 spell levels left.
You didn't know any spells.
Your spell library contained the following spells:

 Spells                   Type           Power        Failure   Level  Hunger
 Animate Skeleton         Necr           N/A          32%         1    ##.....
 Apportation              Tloc           #.....       32%         1    ##.....
 Beastly Appendage        Tmut           #.....       32%         1    ##.....
 Confusing Touch          Hex            #.....       32%         1    ##.....
 Corona                   Hex            #......      32%         1    ##.....
 Infusion                 Chrm           #...         32%         1    ##.....
 Magic Dart               Conj           #...         32%         1    ##.....
 Sting                    Conj/Pois      #...         32%         1    ##.....
 Summon Small Mammal      Summ           #...         32%         1    ##.....
 Blink                    Tloc           N/A          45%         2    ###....
 Call Imp                 Summ           #.......     45%         2    ###....
 Ensorcelled Hibernation  Hex/Ice        #.....       45%         2    ###....
 Poisonous Vapours        Pois/Air       #.....       45%         2    ###....
 Shroud of Golubria       Chrm/Tloc      #.....       45%         2    ###....
 Slow                     Hex            #.......     45%         2    ###....
 Song of Slaying          Chrm           #.......     45%         2    ###....
 Sticks to Snakes         Tmut           #.......     45%         2    ###....
 Confuse                  Hex            #.......     69%         3    ####...
 Conjure Flame            Conj/Fire      #.......     69%         3    ####...
 Dazzling Spray           Conj/Hex       #.....       69%         3    ####...
 Inner Flame              Hex/Fire       #.......     69%         3    ####...
 Mephitic Cloud           Conj/Pois/Air  #.......     69%         3    ####...
 Portal Projectile        Hex/Tloc       #.....       69%         3    ####...
 Regeneration             Chrm/Necr      #.........   69%         3    ####...
 Spectral Weapon          Hex/Chrm       #.......     69%         3    ####...
 Spider Form              Tmut/Pois      #.........   69%         3    ####...
 Tukima's Dance           Hex            #.......     69%         3    ####...
 Cause Fear               Hex            #.........   96%         4    #####..
 Ice Form                 Ice/Tmut       #.......     96%         4    #####..
 Leda's Liquefaction      Hex/Erth       #.........   96%         4    #####..
 Olgreb's Toxic Radiance  Pois           #.......     96%         4    #####..
 Blade Hands              Tmut           #.........   100%        5    ######.
 Bolt of Magma            Conj/Fire/Erth #.........   100%        5    ######.
 Iskenderun's Battlesphe  Conj/Chrm      #.......     100%        5    ######.
 Venom Bolt               Conj/Pois      #.........   100%        5    ######.
 Iron Shot                Conj/Erth      #.........   100%        6    #######
 Orb of Destruction       Conj           #.........   100%        7    #######
 Spellforged Servitor     Conj/Summ      #.........   100%        7    #######


Dungeon Overview and Level Annotations

Branches:
Dungeon (10/15)            Temple (0/1) D:4            Lair (4/6) D:10
  Swamp (0/4) Lair:2
  Snake: Lair:2-4    Spider: Lair:2-4       Orc: D:9-12

Altars:
Cheibriados
Elyvilon
Fedhas
Gozag
Hepliaklqana
Nemelex Xobeh
Okawaru
Ru
Trog
Xom
Yredelemnul
Beogh

Shops:
D:4 [

Annotations:
D:4 3 runed translucent doors, Lexodia's ghost, amateur DsGl; Tali's ghost, novice DsBe; Zaque's ghost, novice TrHu; anet's ghost, amateur DEWz
D:5 3 runed translucent doors, anet's ghost, novice DEWz


Innate Abilities, Weirdness & Mutations

You have hooves in place of feet.
Armour fits poorly on your strangely shaped body.
You cover ground very quickly.
You have extremely tough skin. (AC +3)


Message History

You slash the yak!
You kill the yak!
Lugonu accepts your kill.
You hit the yak but do no damage.
You feel sick. The yak gores you.
You feel sick. The yak gores you!
* * * LOW HITPOINT WARNING * * *
Unknown command.
You feel sick. The yak gores you.
* * * LOW HITPOINT WARNING * * *
You see here a komodo dragon corpse.
Unknown command.
You slash the yak! You kick the yak!
The yak is heavily wounded.
You feel sick. The yak gores you!
* * * LOW HITPOINT WARNING * * *
You block the yak's attack.
You hit the yak. Your kick misses the yak.
The yak is heavily wounded.
The yak gores you!
You die...

#..PP.#...#####....#
#.....†...........##
#..##..###.#!.###..#
#..P.#.####..## #.##
##........##...##...
#..........##.......
##........####......
#####.........#
##.###.
#..=.†)@......# #P.#
## .........Y.....#
####
#..##.#......?.# ##
##........##
##.###P.... #..
#..#.. ... #..... ..
##.. ##.## P#


You could see a yak.

Vanquished Creatures
  Kirke (Lair:3)
  Erica (D:7)
  2 two-headed ogres (D:10)
  An unseen horror (D:10)
  2 black mambas (Lair:2)
  6 komodo dragons
  10 spiny frogs
  2 centaur skeletons
  2 rime drakes (Lair:3)
  2 trolls (D:9)
  A polar bear (Lair:4)
  A meliai (Lair:3)
  2 queen bees
  A hornet (Lair:3)
  A slime creature (D:5)
  2 hippogriffs
  Sigmund (D:2)
  19 yaks
  2 basilisks (Lair:3)
  6 hogs (Lair:3)
  8 water moccasins
  2 porcupines
  7 ice beasts
  4 orc warriors
  A black bear (D:8)
  A sky beast (D:10)
  A necrophage (D:10)
  4 ogres
  9 wolves
  4 centaurs
  7 crocodiles
  5 big kobolds
  13 bullfrogs
  A water moccasin zombie (D:10)
  A scorpion (D:9)
  37 killer bees
  3 electric eels
  4 crimson imps
  3 howler monkeys (D:10)
  A wyvern simulacrum (D:10)
  A bullfrog zombie (D:5)
  6 jellies
  4 orc priests
  5 hounds
  Jessica (D:2)
  Natasha (twice) (D:3)
  3 iguanas
  6 orc wizards
  8 worker ants
  A hound skeleton (D:5)
  2 gnolls (D:9)
  6 adders
  A shadow imp (D:5)
  A white imp (D:10)
  A worker ant simulacrum (D:10)
  2 ufetubi (D:10)
  6 oozes
  2 adder zombies
  2 adder skeletons
  2 worms
  3 dart slugs (D:1)
  9 leopard geckos
  46 orcs
  3 ball pythons
  7 bats
  10 giant cockroaches
  15 goblins
  12 hobgoblins
  10 jackals
  19 kobolds
  5 quokkas
  3 frilled lizards
  A leopard gecko skeleton (D:6)
  A quokka skeleton (D:9)
  7 rats
  A fungus (Lair:4)
  A plant (Lair:2)
396 creatures vanquished.

Vanquished Creatures (others)
  The ghost of Voseq the Cleaver, a journeyman GrBe of Trog (Lair:3)
  2 hydras
  A two-headed ogre (D:5)
  An unseen horror (D:8)
  4 oklob plants (Lair:2)
  A spiny frog (Lair:1)
  3 electric eels
  An orc (D:8)
  A kobold (D:2)
  10 fungi
  A plant (Lair:1)
  8 toadstools (D:5)
34 creatures vanquished.

Grand Total: 430 creatures vanquished

Notes
Turn   | Place    | Note
-------+----------+-------------------------------------------
     0 | Abyss:1  | Gargoyl the Centaur Abyssal Knight began the quest for the
                  | Orb.
     0 | Abyss:1  | Reached XP level 1. HP: 19/19 MP: 2/2
     1 | Abyss:1  | Found a corrupted altar of Lugonu.
    84 | Abyss:2  | Noticed a red devil
    93 | Abyss:2  | Noticed a small abomination
    96 | D:1      | Escaped the Abyss
   284 | D:1      | Reached XP level 2. HP: 26/26 MP: 3/3
   410 | D:1      | Reached * piety under Lugonu
   653 | D:1      | Found a sparkling altar of Nemelex Xobeh.
   655 | D:1      | Found a white marble altar of Elyvilon.
   655 | D:1      | Found an opulent altar of Gozag.
   657 | D:1      | Found a shimmering altar of Xom.
   657 | D:1      | Found an iron altar of Okawaru.
   657 | D:1      | Found a shattered altar of Ashenzari.
   794 | D:1      | Reached skill level 1 in Dodging
   805 | D:1      | Reached XP level 3. HP: 27/31 MP: 4/4
  1293 | D:2      | Reached ** piety under Lugonu
  1348 | D:2      | Noticed Jessica
  1363 | D:2      | Reached XP level 4. HP: 28/38 MP: 5/5
  1376 | D:2      | Killed Jessica
  1506 | D:2      | Noticed Sigmund
  1507 | D:2      | Found a sparkling altar of Nemelex Xobeh.
  1529 | D:2      | Killed Sigmund
  1529 | D:2      | Reached skill level 3 in Invocations
  1529 | D:2      | Reached XP level 5. HP: 17/46 MP: 7/7
  1773 | D:2      | Reached XP level 6. HP: 51/52 MP: 8/8
  2305 | D:3      | Found a hazy altar of Hepliaklqana.
  2306 | D:3      | Found a basalt altar of Yredelemnul.
  2306 | D:3      | Noticed Natasha
  2315 | D:3      | Killed Natasha
  2315 | D:3      | Reached skill level 1 in Shields
  2639 | D:3      | Noticed Natasha
  2644 | D:3      | Killed Natasha
  2644 | D:3      | Reached *** piety under Lugonu
  2780 | D:4      | Got a steaming ring mail
  2791 | D:4      | Identified the cursed +1 ring mail of Vexation {*Drain
                  | Int+6 Dex+4} (You found it on level 4 of the Dungeon)
  2991 | D:4      | Found a staircase to the Ecumenical Temple.
  3076 | D:4      | Found a runed translucent gate.
  3076 | D:4      | Found a runed translucent gate.
  3076 | D:4      | Found a runed translucent gate.
  3291 | D:4      | Found Seq Upsi's Antique Armour Emporium.
  3368 | D:4      | Noticed Tali's ghost (novice DsBe)
  3369 | D:4      | Noticed Zaque's ghost (novice TrHu)
  3369 | D:4      | Noticed Lexodia's ghost (amateur DsGl)
  3369 | D:4      | Noticed anet's ghost (amateur DEWz)
  3386 | D:5      | Entered Level 5 of the Dungeon
  3430 | D:5      | Found a runed translucent gate.
  3430 | D:5      | Found a runed translucent gate.
  3445 | D:5      | Reached XP level 7. HP: 40/59 MP: 9/9
  3452 | D:5      | Reached skill level 4 in Invocations
  3577 | D:5      | Noticed a slime creature
  3993 | D:5      | Reached XP level 8. HP: 45/66 MP: 11/11
  4357 | D:5      | Found a runed translucent gate.
  4359 | D:5      | Noticed anet's ghost (novice DEWz)
  4402 | D:5      | Killed a slime creature
  4402 | D:5      | Reached skill level 5 in Axes
  4414 | D:5      | Reached **** piety under Lugonu
  4414 | D:5      | Reached skill level 5 in Invocations
  4672 | D:5      | Noticed a two-headed ogre
  4685 | D:5      | Banished a two-headed ogre
  5233 | D:6      | Reached XP level 9. HP: 70/72 MP: 13/13
  6423 | D:8      | Noticed Erica
  6680 | D:7      | Killed Erica
  6680 | D:7      | Reached skill level 5 in Fighting
  6680 | D:7      | Reached skill level 6 in Invocations
  6680 | D:7      | Reached skill level 1 in Evocations
  6975 | D:8      | Reached skill level 5 in Armour
  7821 | D:9      | Noticed a troll
  7831 | D:9      | Killed a troll
  7880 | D:9      | Reached XP level 10. HP: 49/81 MP: 14/14
  8434 | D:8      | Banished an unseen horror
  8677 | D:8      | Noticed a green ugly thing
  8708 | D:8      | Banished a green ugly thing
  9146 | D:9      | Reached skill level 7 in Invocations
  9517 | D:9      | Reached skill level 5 in Dodging
 10323 | D:9      | Reached ***** piety under Lugonu
 10650 | D:9      | Found a bloodstained altar of Trog.
 10840 | D:9      | Reached skill level 8 in Invocations
 10840 | D:9      | Reached XP level 11. HP: 30/89 MP: 15/17
 11199 | D:9      | Found a blossoming altar of Fedhas.
 11199 | D:9      | Found an iron altar of Okawaru.
 11204 | D:9      | Found a snail-covered altar of Cheibriados.
 11206 | D:9      | Found a sacrificial altar of Ru.
 11209 | D:9      | Found a shimmering altar of Xom.
 11508 | D:10     | Entered Level 10 of the Dungeon
 11715 | D:10     | Killed an unseen horror
 12168 | D:10     | Noticed a two-headed ogre
 12174 | D:10     | Killed a two-headed ogre
 12238 | D:10     | Found a staircase to the Lair.
 12238 | D:10     | Noticed a two-headed ogre
 12251 | D:10     | Killed a two-headed ogre
 12613 | D:10     | Identified a scroll of acquirement
 12762 | D:10     | Found a roughly hewn altar of Beogh.
 13241 | Lair:1   | Entered Level 1 of the Lair of Beasts
 13257 | Lair:1   | Noticed an eight-headed hydra
 13372 | Lair:1   | Banished a nine-headed hydra
 13409 | Lair:1   | Reached skill level 9 in Invocations
 14334 | Lair:1   | Got a brightly glowing granite ring
 14336 | Lair:1   | Identified the ring "Uppag" {Wiz Dex+4 SInv} (You found it
                  | on level 1 of the Lair of Beasts)
 14839 | Lair:1   | Reached XP level 12. HP: 79/99 MP: 19/19
 15867 | Lair:2   | Reached skill level 10 in Invocations
 16291 | Lair:2   | Got a heavily runed brass ring
 16579 | Lair:2   | Identified the ring of Soeth {rF+ rC++ MP+9 Str+5 SInv}
                  | (You found it on level 2 of the Lair of Beasts)
 16686 | Lair:2   | Found a staircase to the Swamp.
 17182 | Lair:2   | You are sucked into a shaft and drop 1 floor!
 18145 | Lair:3   | Noticed Voseq's ghost (journeyman GrBe)
 18146 | Lair:3   | Found a transporter.
 18148 | Lair:3   | Found a transporter.
 18192 | Lair:3   | Banished Voseq's ghost
 19057 | Lair:4   | Noticed a six-headed hydra
 19059 | Lair:4   | Noticed Kirke
 19064 | Lair:3   | Banished a six-headed hydra
 19072 | Lair:3   | Reached skill level 10 in Axes
 19072 | Lair:3   | Reached skill level 11 in Invocations
 19088 | Lair:4   | Noticed a sphinx
 19272 | Lair:3   | Killed Kirke
 19727 | Lair:4   | Noticed a five-headed hydra
 19729 | Lair:4   | Reached XP level 13. HP: 89/106 MP: 21/21
 19756 | Lair:4   | Slain by a yak

Levels and vault maps discovered:
D:1:      minmay_arrival_three_doors, layout_basic, minmay_misc_feat_columns,
          doesnt_xom_only_xom
D:2:      layout_rooms, lemuel_crystal_altar, serial_park_tiny_2, uniq_sigmund,
          uniq_jessica
D:3:      cheibrodos_greedy_goblins, layout_rooms,
          gammafunk_temple_overflow_pools, serial_bayou_lake_a, uniq_natasha
D:4:      layout_basic, minmay_temple_entry_hall, serial_shops, shop,
          gammafunk_ghost_cemetery, dk_rats_in_the_wall
D:5:      cheibrodos_fertilizer, layout_loops_corners,
          ebering_ghost_rock_garden, first_ration
D:6:      layout_gridville
D:7:      layout_rooms
D:8:      cheibrodos_elevator_heist, layout_cave_pools, water_maze_lemuel,
          uniq_erica
D:9:      layout_small_grid, marbit_many_paths,
          chequers_temple_overflow_minitemple, enter_bailey_7, special_room
          [special_room_bee]
D:10:     layout_roguey [special_room_orc], lair_entry_dummy, serial_ice,
          serial_ice_o, serial_ice_l, serial_ice_e, serial_ice_c
Lair:1:   layout_concentric_octagons, serial_bayou, serial_bayou_ford_a,
          serial_bayou_pond_e, serial_bayou_pond_d, serial_bayou_pond_b,
          lemuel_fruit_tree
Lair:2:   layout_chaotic_city, swamp_mist, minmay_lair_oklob_chamber,
          grunt_megastairs_5
Lair:3:   layout_hall_layers, gammafunk_ghost_hive,
          chequers_serial_rivers_large_a, disabler_island
Lair:4:   layout_loops_ring, nicolae_spider_entry_orb_guardian,
          serial_bayou_shore_b, uniq_kirke

Skill      XL: |  1  2  3  4  5  6  7  8  9 10 11 12 |
---------------+-------------------------------------+-----
Axes           | 2 3 4 5 6 8 9 10 | 10.3
Dodging        | 1 2 3 4 5 6 7 |  7.0
Armour         | 2 3 4 5 6 7 |  7.6
Invocations    | 3 4 5 6 8 9 11 | 11.2
Shields        | 1 2 3 4 |  4.7
Fighting       | 4 5 6 7 |  7.8
Evocations     | 1 2 |  2.9

Action                   |  1- 3 |  4- 6 |  7- 9 | 10-12 | 13-15 || total
-------------------------+-------+-------+-------+-------+-------++-------
Melee: Hand axe          |   129 |   181 |   241 |   863 |    13 ||  1427
       Kick              |    11 |    32 |    72 |   303 |     8 ||   426
Invok: Depart the Abyss  |     1 |       |       |       |       ||     1
       Banish            |       |       |     3 |    18 |     1 ||    22
       Bend Space        |       |       |       |     1 |       ||     1
 Abil: Evoke Berserk Rag |       |       |       |    13 |     1 ||    14
Evoke: Wand              |       |       |    14 |       |       ||    14
  Use: Potion            |       |     2 |     7 |     7 |       ||    16
       Scroll            |       |    13 |     6 |     7 |       ||    26
 Stab: Sleeping          |       |       |       |     1 |       ||     1
  Eat: Chunk             |       |     6 |     8 |    26 |       ||    40
       Ration            |       |       |     1 |     8 |       ||     9
Armor: Ring mail         |    83 |   101 |   107 |   352 |     5 ||   648
       Skin              |       |       |    11 |    78 |       ||    89
Dodge: Dodged            |    59 |    69 |   114 |   395 |     4 ||   641
Block: Shield            |    27 |    77 |    81 |   326 |     6 ||   517
       Buckler           |       |       |     2 |    69 |       ||    71

Table legend:
 A = Non-vault XP
 B = Vault XP
 C = Vault XP percentage of total XP
 D = Non-vault monster count
 E = Vault monster count
 F = Vault count percentage of total count
                 A         B        C        D         E       F
            +---------+---------+-------+---------+---------+-------
      Total |   24791 |   15167 |  38.0 |     275 |     135 |  32.9
            +---------+---------+-------+---------+---------+-------
        D:1 |      65 |       0 |   0.0 |      27 |       0 |   0.0
        D:2 |      55 |     264 |  82.8 |      18 |       2 |  10.0
        D:3 |      70 |      58 |  45.3 |      20 |      12 |  37.5
        D:4 |     150 |       0 |   0.0 |      18 |       0 |   0.0
        D:5 |    1247 |     800 |  39.1 |      20 |      17 |  45.9
        D:6 |     180 |       0 |   0.0 |       9 |       0 |   0.0
        D:7 |     342 |     907 |  72.6 |      20 |       1 |   4.8
        D:8 |     948 |    1103 |  53.8 |      14 |       6 |  30.0
        D:9 |    2754 |    2183 |  44.2 |      33 |      31 |  48.4
       D:10 |    4497 |    1370 |  23.4 |      31 |      35 |  53.0
     Lair:1 |    5154 |     866 |  14.4 |      22 |       5 |  18.5
     Lair:2 |    2683 |    2066 |  43.5 |      16 |       6 |  27.3
     Lair:3 |    3689 |    5550 |  60.1 |      16 |      20 |  55.6
     Lair:4 |    2957 |       0 |   0.0 |      11 |       0 |   0.0
            +---------+---------+-------+---------+---------+-------
